[Event "Bruges Masters 2018"]
[Site "Brugge"]
[Date "2018.08.16"]
[Round "7"]
[White "Ehmann, Thilo"]
[Black "Chernov, Vadim"]
[Result "1-0"]
[ECO "B10"]
[WhiteElo "2303"]
[BlackElo "2412"]
[Annotator "RC"]
[PlyCount "93"]
[EventDate "2018.08.12"]
[EventType "swiss"]
[EventCountry "BEL"]
[SourceTitle "playchess.com"]
[Source "ChessBase"]
[SourceQuality "1"]
[TimeControl "5400+30"]

1. e4 c6 2. c4 d5 3. exd5 cxd5 4. cxd5 Nf6 5. Qa4+ Nbd7 6. Nc3 g6 7. Nf3 Bg7 8. Bc4 O-O 9. d3 a6 10. Qa3 Nb6 11. Qb3 Nxc4 12. dxc4 b5 13. O-O bxc4 14. Qxc4 a5 15. Rd1 Rb8 16. Ne5 Rb4 17. Qe2 Qd6 18. h3 Ba6 19. Qe1 Bb7 20. a3 Rb3 21. Bf4 Qa6 22. Rd2 Rxc3 23. bxc3 Nxd5 24. Bg3 Nxc3 25. f3 Nd5 26. Rb1 e6 27. Rdb2 Bc8 28. Rc2 Ne7 29. Bf2 Qd6 30. Bc5 Qxe5 31. Qxe5 Bxe5 32. Bxe7 Re8 33. Rd1 a4 34. Rc4 Kg7 35. Bd6 Bf6 36. Bg3 Bb7 37. Rd7 Bd5 38. Rcc7 Bd4+ 39. Kh2 h6 40. Rxf7+ Kg8 41. Bd6 Rd8 42. Rfd7 Rxd7 43. Rxd7 g5 44. Kg3 h5 45. h4 Bf6 46. hxg5 Bxg5 47. Ra7 1-0

[Event "Bruges Masters 2018"]
[Site "Brugge"]
[Date "2018.08.16"]
[Round "7"]
[White "Hu Yik Kwan"]
[Black "Geirnaert, Steven"]
[Result "0-1"]
[ECO "B01"]
[WhiteElo "1504"]
[BlackElo "2427"]
[Annotator "ChessBase"]
[PlyCount "73"]
[EventDate "2018.08.12"]
[EventType "swiss"]
[EventCountry "BEL"]
[SourceTitle "playchess.com"]
[Source "ChessBase"]
[SourceQuality "1"]
[TimeControl "5400+30"]

1. e4 d5 2. exd5 Qxd5 3. Nc3 Qa5 4. Nf3 Nf6 5. d3 c6 6. Be2 Bf5 7. O-O e6 8. Bd2 Qc7 9. Nh4 Bg6 10. h3 Nbd7 11. Rb1 a5 12. Bf3 Bc5 13. Qe2 Qg3 14. Nxg6 hxg6 15. Be3 Qe5 16. Bd2 g5 17. Ne4 Nxe4 18. Qxe4 Rh4 19. Qxe5 Nxe5 20. Be2 Be7 21. Rbe1 Ng6 22. Bg4 Bf6 23. g3 Rh8 24. Kg2 Ne7 25. Bf3 Nf5 26. c3 a4 27. Be4 Nd6 28. Bf3 Ke7 29. Rb1 Rhd8 30. d4 Nb5 31. Be2 Nc7 32. Be3 Nd5 33. Bd2 Kf8 34. Rfd1 Ne7 35. Bg4 Rd7 36. Be3 Rad8 37. b4 0-1

[Event "Bruges Masters 2018"]
[Site "Brugge"]
[Date "2018.08.16"]
[Round "8"]
[White "Zeng, Chongsheng"]
[Black "Korneev, Oleg"]
[Result "0-1"]
[ECO "E04"]
[WhiteElo "2539"]
[BlackElo "2513"]
[Annotator "ChessBase"]
[PlyCount "114"]
[EventDate "2018.08.12"]
[EventType "swiss"]
[EventCountry "BEL"]
[SourceTitle "playchess.com"]
[Source "ChessBase"]
[SourceQuality "1"]
[TimeControl "5400+30"]

1. d4 d5 2. c4 e6 3. Nf3 Nf6 4. g3 dxc4 5. Bg2 Bd7 6. Ne5 Bc6 7. Nxc6 Nxc6 8. O-O Qd7 9. e3 Rb8 10. Qe2 e5 11. Nc3 Bd6 12. Qxc4 exd4 13. exd4 O-O 14. Re1 h6 15. d5 Ne5 16. Qd4 b6 17. Bf4 Ng6 18. Bxd6 cxd6 19. Bf1 Ne5 20. Kg2 b5 21. f4 Ng6 22. Rac1 a6 23. Be2 Rfe8 24. Bf3 Ne7 25. Qf2 b4 26. Ne4 Nexd5 27. Nxf6+ Nxf6 28. Rxe8+ Qxe8 29. Rc6 a5 30. Qe2 Qd8 31. Qa6 d5 32. Rc5 d4 33. Qxa5 Qe8 34. Rc4 d3 35. Rxb4 Rc8 36. Qe5 Rc2+ 37. Kh3 Qd7+ 38. g4 h5 39. Rb8+ Rc8 40. Rxc8+ Qxc8 41. Qf5 hxg4+ 42. Bxg4 Qd8 43. Bd1 Qd4 44. Kg2 Qxb2+ 45. Kg3 Qc3 46. Bf3 d2 47. Qb1 g6 48. Kg2 Kg7 49. f5 g5 50. Kf2 g4 51. Be2 Qc5+ 52. Kg2 Qe3 53. Qf1 Qe4+ 54. Kg1 Nd5 55. Qf2 Nf4 56. f6+ Kg6 57. Bxg4 d1=Q+ 0-1

[Event "Bruges Masters 2018"]
[Site "Brugge"]
[Date "2018.08.16"]
[Round "8"]
[White "Geirnaert, Steven"]
[Black "Van Foreest, Lucas"]
[Result "0-1"]
[ECO "E06"]
[WhiteElo "2427"]
[BlackElo "2488"]
[Annotator "ChessBase"]
[PlyCount "106"]
[EventDate "2018.08.12"]
[EventType "swiss"]
[EventCountry "BEL"]
[SourceTitle "playchess.com"]
[Source "ChessBase"]
[SourceQuality "1"]
[TimeControl "5400+30"]

1. d4 Nf6 2. c4 e6 3. Nf3 d5 4. g3 Be7 5. Bg2 O-O 6. O-O c6 7. b3 b6 8. Ne5 Bb7 9. Ba3 Nbd7 10. Nd3 Rc8 11. Bxe7 Qxe7 12. Nd2 c5 13. dxc5 Nxc5 14. Nxc5 Rxc5 15. b4 Rc7 16. a3 Rfc8 17. cxd5 Bxd5 18. e4 Bb7 19. e5 Nd5 20. Ne4 Nc3 21. Nxc3 Bxg2 22. Kxg2 Rxc3 23. Qd2 Qc7 24. Rfd1 h5 25. Qg5 Qc6+ 26. Kg1 Qf3 27. Rac1 Kh7 28. h4 Rxa3 29. Rd4 Rd3 30. Rxd3 Rxc1+ 31. Qxc1 Qxd3 32. Qc7 Kg6 33. Qe7 Qd1+ 34. Kh2 Qd2 35. Kh3 a5 36. bxa5 bxa5 37. f4 Qd1 38. Kh2 Qe2+ 39. Kg1 Qf3 40. Kh2 a4 41. Qb4 a3 42. Qb1+ Kh6 43. Qc2 Qd5 44. f5 a2 45. Qc1+ Kh7 46. fxe6 Qxe6 47. Qc2+ g6 48. Qa4 Qd5 49. Qa7 Kg7 50. Qa6 Qd2+ 51. Kh3 Qf2 52. e6 Qf5+ 53. Kh2 Qxe6 0-1

[Event "Bruges Masters 2018"]
[Site "Brugge"]
[Date "2018.08.16"]
[Round "8"]
[White "Ravi, Teja S."]
[Black "Beckett, Chris J"]
[Result "1/2-1/2"]
[ECO "A06"]
[WhiteElo "2374"]
[BlackElo "2155"]
[Annotator "ChessBase"]
[PlyCount "40"]
[EventDate "2018.08.12"]
[EventType "swiss"]
[EventCountry "BEL"]
[SourceTitle "playchess.com"]
[Source "ChessBase"]
[SourceQuality "1"]
[TimeControl "5400+30"]

1. d4 e6 2. Nf3 Nf6 3. e3 d5 4. c4 c6 5. b3 Nbd7 6. Bb2 Bd6 7. Bd3 O-O 8. O-O b6 9. Nbd2 Bb7 10. Ne5 Qc7 11. f4 c5 12. Nxd7 Qxd7 13. dxc5 Be7 14. cxb6 Qc6 15. Qe2 axb6 16. a4 Rfd8 17. Rad1 Ba6 18. Bd4 Rac8 19. Qf3 Bb7 20. Qh3 Ne4 1/2-1/2

[Event "Bruges Masters 2018"]
[Site "Brugge"]
[Date "2018.08.16"]
[Round "8"]
[White "Frayna, Janelle Mae"]
[Black "Galunova, Tsveta"]
[Result "0-1"]
[ECO "D23"]
[WhiteElo "2278"]
[BlackElo "2148"]
[Annotator "NA"]
[PlyCount "26"]
[EventDate "2018.08.12"]
[EventType "swiss"]
[EventCountry "BEL"]
[SourceTitle "playchess.com"]
[Source "ChessBase"]
[SourceQuality "1"]
[TimeControl "5400+30"]

1. d4 d5 2. c4 c6 3. Nf3 Nf6 4. Qc2 dxc4 5. Qxc4 Bf5 6. g3 e6 7. Bg2 Nbd7 8. O-O Be7 9. Rd1 O-O 10. Nc3 Bc2 11. Re1 Nb6 12. b3 Nxc4 13. bxc4 Ne4 0-1

[Event "Bruges Masters 2018"]
[Site "Brugge"]
[Date "2018.08.16"]
[Round "8"]
[White "Faure, Stephane"]
[Black "Mehar, Chinna Reddy C H"]
[Result "0-1"]
[ECO "B68"]
[WhiteElo "2116"]
[BlackElo "2345"]
[Annotator "NA"]
[PlyCount "56"]
[EventDate "2018.08.12"]
[EventType "swiss"]
[EventCountry "BEL"]
[SourceTitle "playchess.com"]
[Source "ChessBase"]
[SourceQuality "1"]
[TimeControl "5400+30"]

1. e4 c5 2. Nf3 d6 3. d4 cxd4 4. Nxd4 Nf6 5. Nc3 Nc6 6. Bg5 e6 7. Qd2 a6 8. O-O-O Bd7 9. f4 Be7 10. Nb3 b5 11. Bd3 h6 12. h4 Qc7 13. e5 dxe5 14. Bxf6 gxf6 15. Rh3 exf4 16. Bxb5 axb5 17. Nxb5 Qb7 18. Nd6+ Bxd6 19. Qxd6 Rxa2 20. Kb1 Ra7 21. Rc3 Qc7 22. Qc5 Rg8 23. Qf2 Rg3 24. Rxg3 fxg3 25. Qxf6 Qe5 26. Qxh6 Na5 27. Nxa5 Qxa5 28. Qh8+ Ke7 0-1

[Event "Bruges Masters 2018"]
[Site "Brugge"]
[Date "2018.08.16"]
[Round "8"]
[White "Advait, Bagri"]
[Black "Miciano, John Marvin"]
[Result "1/2-1/2"]
[ECO "B06"]
[WhiteElo "1926"]
[BlackElo "2381"]
[Annotator "NA"]
[PlyCount "57"]
[EventDate "2018.08.12"]
[EventType "swiss"]
[EventCountry "BEL"]
[SourceTitle "playchess.com"]
[Source "ChessBase"]
[SourceQuality "1"]
[TimeControl "5400+30"]

1. e4 d6 2. d4 g6 3. Nc3 Bg7 4. Be3 c6 5. Qd2 b5 6. a3 a6 7. h4 h5 8. f3 Nf6 9. Nh3 Bxh3 10. Rxh3 Nbd7 11. Be2 c5 12. dxc5 dxc5 13. Kf2 O-O 14. Rd1 Qc8 15. Nd5 Nxd5 16. Qxd5 Rd8 17. c4 e6 18. Qd2 bxc4 19. Bxc4 Qc7 20. Qe2 Rab8 21. b3 Ne5 22. Rxd8+ Qxd8 23. Rh1 Nxc4 24. Qxc4 Bd4 25. Ke2 e5 26. Bg5 Qa5 27. a4 Qb4 28. Qxb4 Rxb4 29. Rc1 1/2-1/2

[Event "Bruges Masters 2018"]
[Site "Brugge"]
[Date "2018.08.16"]
[Round "8"]
[White "Ouaki, Mark"]
[Black "Tomov, Georgi"]
[Result "0-1"]
[ECO "A35"]
[WhiteElo "1592"]
[BlackElo "2307"]
[Annotator "NA"]
[PlyCount "42"]
[EventDate "2018.08.12"]
[EventType "swiss"]
[EventCountry "BEL"]
[SourceTitle "playchess.com"]
[Source "ChessBase"]
[SourceQuality "1"]
[TimeControl "5400+30"]

1. e4 c6 2. d4 d5 3. exd5 cxd5 4. c4 Nf6 5. Nc3 Nc6 6. Nf3 g6 7. cxd5 Nxd5 8. Bc4 Nb6 9. Bb5 Bg7 10. O-O O-O 11. Be3 Bf5 12. Bxc6 bxc6 13. Rc1 Nd5 14. Ne2 Qb6 15. b3 Rac8 16. Re1 Rfd8 17. Nf4 e5 18. Nxd5 Rxd5 19. Qe2 exd4 20. Bd2 h6 21. Qc4 Qd8 0-1

[Event "Bruges Masters 2018"]
[Site "Brugge"]
[Date "2018.08.16"]
[Round "9"]
[White "Boffa, Mauro"]
[Black "Geirnaert, Steven"]
[Result "0-1"]
[ECO "E46"]
[WhiteElo "2216"]
[BlackElo "2427"]
[Annotator "RC"]
[PlyCount "68"]
[EventDate "2018.08.12"]
[EventType "swiss"]
[EventCountry "BEL"]
[SourceTitle "playchess.com"]
[Source "ChessBase"]
[SourceQuality "1"]
[TimeControl "5400+30"]

1. d4 Nf6 2. c4 e6 3. Nc3 Bb4 4. e3 O-O 5. Nge2 c6 6. a3 Ba5 7. Ng3 d5 8. cxd5 exd5 9. Bd3 Re8 10. b4 Bc7 11. f3 Bf4 12. Kf2 Bd6 13. Bd2 b6 14. Rb1 Nbd7 15. Nf5 Bf8 16. Rf1 g6 17. Ng3 h5 18. Kg1 h4 19. Nge2 Nh5 20. Qc2 Bg7 21. b5 c5 22. Nxd5 Bb7 23. Ndc3 cxd4 24. exd4 Nf8 25. d5 Rc8 26. Qa2 Rxe2 27. Nxe2 Bxd5 28. Rb3 Ne6 29. Bb4 Nd4 30. Nc1 Nxb3 31. Nxb3 Bxb3 32. Qxb3 Bd4+ 33. Rf2 Rc1+ 34. Bf1 Ng3 0-1